 Dungeon Crawl Stone Soup version 0.30.0-19-g36f170ea60 (webtiles) character file.

Game seed: 615013696094552675

3085 NateTC the Fighter (level 9, -2/52 HPs)
             Began as a Gargoyle Fighter on May 30, 2023.
             Was an Initiate of Gozag.
             Killed by divine providence
             ... invoked by an orc priest
              (8 damage)
             ... on level 8 of the Dungeon.
             The game lasted 00:14:09 (5609 turns).

NateTC the Fighter (Gargoyle Fighter)               Turns: 5609, Time: 00:14:10

Health: -2/52      AC: 19    Str: 25      XL:     9   Next: 89%
Magic:  7/7        EV:  8    Int:  7 (8)  God:    Gozag
Gold:   757        SH:  4    Dex:  5      Spells: 8/8 levels left

rFire   . . .        a - +1 flail (freeze)
rCold   . . .        c - +0 buckler
rNeg    + . .        m - +0 chain mail
rPois   ∞            g - +1 helmet
rElec   +            l - +0 cloak
rCorr   .            (no gloves)
SInv    .            (no boots)
Will    +....        d - amulet of regeneration Stlth
                     v - ring of willpower
HPRegen 1.08/turn    (no ring)
MPRegen 0.10/turn

%: random rage (9%)
@: unable to read, unable to drink
A: sickness immunity, AC +6, negative energy resistance 1, electricity
resistance, torment resistance 1, petrification resistance, [berserk 2], [clumsy
2], [deterioration 2], [frail 2], [low MP 2], [teleportitis 2], [inability to
drink after injury 2], [inability to read after injury 2]
a: Renounce Religion, Potion Petition, Call Merchant, Bribe Branch


You were on level 8 of the Dungeon.
You worshipped Gozag.
Gozag was pleased with you.
You visited 2 branches of the dungeon, and saw 9 of its levels.
You visited the Abyss 1 time.

You collected 843 gold pieces.
You paid 86 gold pieces to Gozag.

Inventory:

Hand Weapons
 a - a +1 flail of freezing (weapon)
Armour
 c - a +0 buckler (worn)
 g - a +1 helmet (worn)
 l - a +0 cloak (worn)
 m - a +0 chain mail (worn)
Jewellery
 d - an amulet of regeneration (around neck)
 v - a ring of willpower (left hand)
Wands
 n - a wand of roots (7)
 r - a wand of mindburst (22)
 u - a wand of digging (1)
Scrolls
 j - 3 scrolls of teleportation
 p - a scroll of enchant weapon
 t - a scroll of enchant armour
Potions
 b - 4 potions of mutation
 e - 2 potions of haste
 f - 3 potions of attraction
 h - 2 potions of resistance
 i - 2 potions of curing
 k - 2 potions of lignification {unknown}
 o - a potion of brilliance {unknown}
 s - a potion of magic {unknown}


   Skills:
 - Level 11.8 Fighting
 * Level 7.2 Maces & Flails
 - Level 5.0 Armour
 - Level 5.0 Shields


You had 8 spell levels left.
You didn't know any spells.
Your spell library contained the following spells:

 Spells                   Type           Power      Damage    Failure   Level
 Magic Dart               Conj           0%         1d3       95%         1
 Sting                    Tmut/Pois      0%         1d3       95%         1
 Call Imp                 Summ           0%         N/A       99%         2
 Poisonous Vapours        Pois/Air       0%         N/A       99%         2
 Mephitic Cloud           Conj/Pois/Air  0%         N/A       100%        3
 Portal Projectile        Hex/Tloc       0%         N/A       100%        3
 Tukima's Dance           Hex            0%         N/A       100%        3
 Olgreb's Toxic Radiance  Pois           0%         N/A       100%        4
 Petrify                  Tmut/Erth      0%         N/A       100%        4
 Blade Hands              Tmut           0%         N/A       100%        5
 Irradiate                Conj/Tmut      0%         3d11      100%        5
 Chain Lightning          Conj/Air       0%         N/A       100%        9
 Fire Storm               Conj/Fire      0%         5d1       100%        9
 Shatter                  Erth           0%         3d5*      100%        9
 Sublimation of Blood     Necr           Unusable   N/A       N/A         2

Dungeon Overview and Level Annotations

Branches:
Dungeon (8/15) Zot: 26920  Temple (1/1) D:5 Zot: 5957
   Lair: D:8-11

Altars:
Ashenzari
Cheibriados
Dithmenos
Fedhas
Gozag
Makhleb
Nemelex Xobeh
Okawaru
Qazlal
Trog
Uskayaw
Vehumet
Wu Jian
Xom
Yredelemnul
The Shining One

Annotations:
D:2 1 runed translucent door, Crazy Yiuf
D:8 Psyche


Innate Abilities, Weirdness & Mutations

You are immune to sickness and miasma.
Your stone body is resilient. (AC +6)
You are immune to poison.
You resist negative energy. (rN+)
You are resistant to electric shocks. (rElec)
You are resistant to unholy torment.
You are immune to petrification.
[You have an uncontrollable temper.]
[You are very clumsy. (Dex -4)]
[Your body often deteriorates upon taking damage.]
[You are very frail. (-20% HP)]
[Your magical capacity is very low. (-20% MP)]
[You are often teleported next to monsters.]
[You sometimes lose the ability to drink potions when taking damage.]
[You sometimes lose the ability to read scrolls when taking damage.]


Message History

The orc priest completely misses you.
There is a stone staircase leading up here.
You closely miss Psyche.
Psyche hits you with a +4 dagger of distortion.
You feel threatened and lose the ability to read scrolls!
You feel threatened and lose the ability to drink potions!
Space warps horribly around you! The orc priest hits you with a +0 whip.
Psyche casts a spell.
Psyche flickers and vanishes!
Deactivating autopickup; reactivate with Ctrl-A.
You closely miss something. Something hits you but does no damage.
Space warps around you. The orc priest hits you with a +0 whip.
The orc priest hits you but does no damage.
You hit something. You freeze something.
You can read scrolls again.
You hear some strange, mumbled words.
A swirling arc of seething chaos appears!
An arc of chaos appears from out of thin air!
The arc of chaos hits you but does no damage.
The arc of chaos hits the orc priest.
You block the orc priest's attack.
The orc priest hits you but does no damage.
Something hits you but does no damage. Space warps horribly around you!
You feel threatened and lose the ability to read scrolls!
* * * LOW HITPOINT WARNING * * *
Your body deteriorates!
You feel dopey.
You cannot read scrolls in your current state!
You miss something.
The orc priest hits you but does no damage.
The orc priest hits you with a +0 club.
* * * LOW HITPOINT WARNING * * *
Something hits you but does no damage. Space warps around you.
* * * LOW HITPOINT WARNING * * *
The orc priest hits you but does no damage.
The orc priest casts a cantrip, but nothing happens.
You closely miss something. Something hits you but does no damage.
You blink.
Found a stone staircase leading up.
Something hits you but does no damage.
The orc priest mumbles some strange prayers to Beogh against you.
Beogh smites you!
You die...
Your body crumbles into a pile of gold.

# .. ..# ######
.. )...
..###.##.#####.#
.......@.o....<#
####.###.[o###.#
#......§....#
#...#######.# .
.. .. ...$ ...


You could see 2 orc priests.

Vanquished Creatures
  Pikel (D:5)
  Prince Ribbit (D:6)
  Menkaure (D:6)
  A steam dragon (D:7)
  Duvessa (D:6)
  A water moccasin (D:6)
  An orc warrior (D:6)
  3 ice beasts
  2 black bears
  A lemure (D:5)
  A phantom (D:6)
  A bullfrog (D:7)
  A scorpion (D:5)
  Dowan (D:6)
  3 howler monkeys
  A crimson imp (D:6)
  5 hounds
  8 orc priests
  A gnoll bouda (D:6)
  A jelly (D:6)
  A sleepcap (D:7)
  4 iguanas
  Jessica (D:2)
  6 orc wizards
  Robin (D:2)
  9 adders
  8 gnolls
  2 white imps
  An ufetubus (D:4)
  A worm (D:2)
  3 dart slugs
  28 orcs
  6 endoplasms
  A giant cockroach (D:3)
  11 goblins (D:2)
  3 hobgoblins
  3 quokkas
  7 ball pythons
  5 bats
  7 frilled lizards
  5 kobolds
  3 rats
152 creatures vanquished.

Notes
Turn   | Place    | Note
-------+----------+-------------------------------------------
     0 | D:1      | NateTC the Gargoyle Fighter began the quest for the Orb.
     0 | D:1      | Reached XP level 1. HP: 14/14 MP: 1/1
   193 | D:1      | Reached XP level 2. HP: 20/20 MP: 2/2
   266 | D:1      | Reached skill level 4 in Fighting
   890 | D:2      | Reached XP level 3. HP: 15/24 MP: 3/3
  1094 | D:2      | Noticed Robin
  1119 | D:2      | Killed Robin
  1120 | D:2      | Reached skill level 5 in Fighting
  1123 | D:2      | Reached XP level 4. HP: 16/31 MP: 4/4
  1424 | D:2      | Found a sparkling altar of Nemelex Xobeh.
  1430 | D:2      | Noticed Jessica
  1436 | D:2      | Killed Jessica
  1437 | D:2      | Reached skill level 6 in Fighting
  1506 | D:2      | Found a runed translucent door.
  1507 | D:2      | Noticed Crazy Yiuf
  1618 | D:3      | Found an iron altar of Okawaru.
  1673 | D:3      | Reached XP level 5. HP: 36/36 MP: 5/5
  2272 | D:4      | Reached XP level 6. HP: 33/42 MP: 6/6
  2394 | D:4      | Found a broken altar of Ashenzari.
  2417 | D:4      | Found a bloodstained altar of Trog.
  2474 | D:4      | Found an ornate altar of the Wu Jian Council.
  2518 | D:4      | Found a sparkling altar of Nemelex Xobeh.
  2523 | D:4      | Found a snail-covered altar of Cheibriados.
  2900 | D:5      | Entered Level 5 of the Dungeon
  2909 | D:5      | Found a staircase to the Ecumenical Temple.
  2931 | D:5      | Reached skill level 5 in Maces & Flails
  2931 | D:5      | Reached XP level 7. HP: 47/47 MP: 7/7
  2935 | Temple   | Entered the Ecumenical Temple
  2963 | Temple   | Became a worshipper of Gozag Ym Sagoz the Greedy
  3175 | D:5      | Reached skill level 7 in Fighting
  3299 | D:5      | Noticed Pikel
  3317 | D:5      | Killed Pikel
  3318 | D:5      | Reached skill level 9 in Fighting
  3318 | D:5      | Reached XP level 8. HP: 45/56 MP: 8/8
  3857 | D:6      | Reached skill level 10 in Fighting
  3913 | D:6      | Noticed Menkaure
  3922 | D:6      | Killed Menkaure
  3928 | D:6      | Reached skill level 11 in Fighting
  3973 | D:6      | Noticed Prince Ribbit
  3977 | D:6      | Found a blossoming altar of Fedhas.
  4001 | D:6      | Killed Prince Ribbit
  4002 | D:6      | Reached XP level 9. HP: 17/65 MP: 9/9
  4111 | D:6      | Found a stormy altar of Qazlal.
  4484 | D:6      | Reached skill level 5 in Shields
  4760 | D:7      | Noticed Duvessa
  4761 | D:7      | Noticed Dowan
  4872 | D:6      | Killed Duvessa
  4873 | D:6      | Reached skill level 5 in Armour
  4912 | D:6      | Killed Dowan
  5349 | D:8      | Noticed Psyche
  5358 | Abyss:1  | Cast into level 1 of the Abyss (Psyche)
  5406 | Abyss:1  | Noticed an orange demon
  5417 | Abyss:1  | Noticed a hell hog
  5427 | Abyss:1  | Found a corrupted altar of Lugonu.
  5460 | Abyss:1  | Noticed a sixfirhy
  5466 | Abyss:1  | Noticed a wretched star
  5485 | Abyss:1  | Found a corrupted altar of Lugonu.
  5512 | Abyss:1  | Noticed a worldbinder
  5519 | Abyss:1  | Noticed a black mamba
  5522 | Abyss:1  | Noticed a black mamba
  5528 | Abyss:1  | Noticed a black mamba
  5531 | Abyss:1  | Noticed a smoke demon
  5532 | Abyss:1  | Noticed a white very ugly thing
  5570 | Abyss:1  | Noticed a wretched star
  5603 | D:8      | Escaped the Abyss
  5609 | D:8      | Killed from afar by an orc priest

Illustrated notes

Levels and vault maps discovered:
D:1:      spicycebolla_green_bress_n_ham_2, layout_basic
D:2:      layout_loops_cross, basic_altar, uniq_crazy_yiuf_cottage, uniq_robin,
          uniq_jessica
D:3:      layout_loops_ring, okawaru_gym_becter
D:4:      layout_loops_ring, nzn_wu_jian_council_hall, cheibriados_altar_1,
          mainiacjoe_overflow_alcove_1, nemelex_xobeh_ov_fountains_minmay,
          mainiacjoe_overflow_tiny_flanked
D:5:      layout_basic, temple_green, uniq_pikel
D:6:      layout_basic, mainiacjoe_overflow_catwalk, lemuel_round_altar,
          amcnicky_mini_rare_corridor_liquid, minmay_fire_ice_demons,
          uniq_prince_ribbit1, uniq_menkaure
D:7:      layout_rooms, uniq_duvessa
D:8:      layout_basic, uniq_psyche
Temple:   nicolae_temple_bog_church

Skill      XL: |  1  2  3  4  5  6  7  8  9 |
---------------+----------------------------+-----
Fighting       | 4 5 6 9 11 | 11.8
Maces & Flails | 3 5 7 |  7.2
Shields        | 5 |  5.0
Armour         | 5 |  5.0

Action                     |  1- 3 |  4- 6 |  7- 9 || total
---------------------------+-------+-------+-------++-------
  Melee: Flail             |   126 |   143 |   392 ||   661
    Use: Potion            |     1 |       |     3 ||     4
         Scroll            |       |     5 |    16 ||    21
 Armour: Scale mail        |    51 |       |       ||    51
         Chain mail        |    23 |    87 |   354 ||   464
  Dodge: Dodged            |    60 |    68 |   185 ||   313
  Block: Buckler           |    20 |    30 |    82 ||   132
